 Dungeon Crawl Stone Soup version 0.25-a0-294-gea9b1ad378 (webtiles) character file.

Game seed: 13654515591293464375, levelgen mode: deterministic

3 mopl the Vexing (level 1, 0/13 HPs)
             Began as a Demonspawn Enchanter on Dec 16, 2019.
             Slain by a kobold
             ... wielding a +0 dagger
              (3 damage)
             ... on level 1 of the Dungeon.
             The game lasted 00:00:30 (124 turns).

mopl the Vexing (Demonspawn Enchanter)               Turns: 124, Time: 00:00:30

Health: 0/13       AC:  2    Str:  8    XL:     1   Next: 41%
Magic:  0/3        EV:  7    Int: 16    God:
Gold:   16         SH:  0    Dex: 13    Spells: 3/4 levels left

rFire    . . .     SeeInvis .   a - +1 dagger
rCold    . . .     Gourm    .   (no shield)
rNeg     . . .     Faith    .   b - +0 robe
rPois    .         Spirit   .   (no helmet)
rElec    .         Reflect  .   (no cloak)
rCorr    .         Harm     .   (no gloves)
MR       .....                  (no boots)
Stlth    ++........             (no amulet)
HPRegen  0.04/turn              g - -5 ring of evasion (curse)
MPRegen  0.08/turn              (no ring)

@: no status effects
A: no striking features
a: no special abilities


You were on level 1 of the Dungeon.
You were not hungry.

You visited 1 branch of the dungeon, and saw 1 of its levels.

You collected 16 gold pieces.

Inventory:

Hand Weapons
 a - a +1 dagger (weapon)
Missiles
 h - 13 poisoned darts (quivered)
Armour
 b - a +0 robe (worn)
Jewellery
 g - a cursed -5 ring of evasion (left hand)
Scrolls
 e - a scroll of random uselessness {unknown}
Potions
 c - 2 potions of flight {unknown}
 i - a potion of curing {unknown}
Comestibles
 d - a ration
 f - 3 chunks of flesh


   Skills:
 - Level 0.8 Short Blades
 - Level 1.7 Dodging
 + Level 2.7 Stealth
 + Level 2.1 Spellcasting
 + Level 3.0 Hexes


You had 3 spell levels left.
You knew the following spells:

 Your Spells              Type           Power        Failure   Level  Hunger
a - Corona                Hex            ##.....      6%          1    #......

Your spell library contained the following spells:

 Spells                   Type           Power        Failure   Level  Hunger
 Ensorcelled Hibernation  Hex/Ice        #.....       17%         2    ###....
 Confuse                  Hex            ##......     17%         3    ###....
 Tukima's Dance           Hex            ##......     17%         3    ###....
 Dazzling Flash           Conj/Hex       #.....       32%         3    ###....


Dungeon Overview and Level Annotations

Branches:
Dungeon (1/15)

Altars:


Message History

Aim: a kobold, wielding a +0 dagger (chance to defeat MR: 64%)
The kobold barely resists.
The kobold hits you with a +0 dagger.
Casting: Corona (safe; 6% risk of failure)
Confirm with . or Enter, or press ? or * to list all spells.
Aiming: Corona (safe; 6% risk of failure)
Press: ? - help, Shift-Dir - straight line, f/p - kobold
Aim: a kobold, wielding a +0 dagger (chance to defeat MR: 64%)
The kobold barely resists.
The kobold hits you with a +0 dagger.
Unknown command.
Casting: Corona (safe; 6% risk of failure)
Confirm with . or Enter, or press ? or * to list all spells.
Aiming: Corona (safe; 6% risk of failure)
Press: ? - help, Shift-Dir - straight line, f/p - kobold
Aim: a kobold, wielding a +0 dagger (chance to defeat MR: 64%)
The kobold barely resists.
The kobold hits you with a +0 dagger.
* * * LOW HITPOINT WARNING * * *
Unknown command.
There is a stone staircase leading down here.
The kobold hits you with a +0 dagger.
You die...

#.#...#.#
#.#..##.#
#.#..#..#
#.#..#.##
#####....#.#
....#......#
###....#.###
#(#..[....#
#.##....@#
..#.#....K#
$.. #.##.g.###
##...#.#.....#
##..##.####.#
#....#..(#...
.......#..?#
###
.###...#..?#
#..##.####


You could see a hobgoblin and a kobold.

Vanquished Creatures
  2 goblins (D:1)
  A bat (D:1)
3 creatures vanquished.

Notes
Turn   | Place    | Note
-------+----------+-------------------------------------------
     0 | D:1      | mopl the Demonspawn Enchanter began the quest for the Orb.
     0 | D:1      | Reached XP level 1. HP: 13/13 MP: 3/3
   124 | D:1      | Slain by a kobold

Levels and vault maps discovered:
D:1:      psy_arrival_statuary, layout_rooms, corexii_item_surrounded_by_moat,
          minmay_vboxes

Action                   || total
-------------------------++-------
Melee: Dagger            ||     7
 Cast: Corona            ||     4
 Stab: Sleeping          ||     2
Dodge: Dodged            ||     2

Table legend:
 A = Non-vault XP
 B = Vault XP
 C = Vault XP percentage of total XP
 D = Non-vault monster count
 E = Vault monster count
 F = Vault count percentage of total count
                 A         B        C        D         E       F
            +---------+---------+-------+---------+---------+-------
      Total |       4 |       1 |  20.0 |       2 |       1 |  33.3
            +---------+---------+-------+---------+---------+-------
        D:1 |       4 |       1 |  20.0 |       2 |       1 |  33.3
            +---------+---------+-------+---------+---------+-------
